 Dungeon Crawl Stone Soup version 0.26.0-10-g1f06aea511 (webtiles) character file.

Game seed: 6327214235002091105

499 Borgoz the Shield-Bearer (level 7, -2/44 HPs)
             Began as a Gargoyle Fighter on Jan 17, 2021.
             Killed by divine providence
             ... invoked by an orc priest
              (14 damage)
             ... on level 4 of the Dungeon.
             The game lasted 00:04:07 (3471 turns).

Borgoz the Shield-Bearer (Gargoyle Fighter)         Turns: 3471, Time: 00:04:07

Health: -2/44      AC: 13    Str: 26    XL:     7   Next: 16%
Magic:  7/7        EV:  9    Int:  8    God:
Gold:   205        SH: 10    Dex: 11    Spells: 6/6 levels left

rFire    + . .     SeeInvis .   a - +0 flail
rCold    + . .     Faith    .   c - +0 kite shield
rNeg     + . .     Spirit   .   b - +0 scale mail
rPois    ∞         Reflect  .   j - +0 helmet
rElec    +         Harm     .   p - scarf {rC+ rF+}
rCorr    .         Rampage  .   (no gloves)
Will     .....                  (no boots)
Stlth    ..........             (no amulet)
HPRegen  0.14/turn              d - +6 ring of strength
MPRegen  0.10/turn              (no ring)

@: mighty, slowed, very slow
A: negative energy resistance 1, electricity resistance, unbreathing,
petrification resistance, miasma immunity, AC +4
a: no special abilities


You were on level 4 of the Dungeon.
You visited 1 branch of the dungeon, and saw 4 of its levels.

You collected 205 gold pieces.

Inventory:

Hand Weapons
 a - a +0 flail (weapon)
Armour
 b - a +0 scale mail (worn)
 c - a +0 kite shield (worn)
 j - a +0 helmet (worn)
 p - a scarf of resistance (worn)
Jewellery
 d - a +6 ring of strength (left hand)
Scrolls
 i - 2 scrolls of blinking
Potions
 e - a potion of haste
 f - a potion of might
 h - a potion of curing
 k - a potion of attraction {unknown}
 m - a potion of cancellation {unknown}
 n - a potion of brilliance


   Skills:
 + Level 4.6 Fighting
 * Level 4.6 Maces & Flails
 + Level 4.6 Armour
 + Level 2.0 Dodging
 + Level 4.6 Shields


You had 6 spell levels left.
You didn't know any spells.
Your spell library was empty.

Dungeon Overview and Level Annotations

Branches:
Dungeon (4/15)
 Temple: D:4-7

Altars:


Innate Abilities, Weirdness & Mutations

You are resistant to torment.
Your stone body is resilient. (AC +4)
You are immune to poison.
You resist negative energy. (rN+)
You are resistant to electric shocks. (rElec)
You can survive without breathing.
You are immune to petrification.
You are immune to miasma.


Message History

The leopard gecko bites you but does no damage.
You block the adder's attack.
An orc wizard comes into view. It is wielding a +0 dagger.
The leopard gecko barely misses you.
The orc priest miscasts a cantrip.
The adder bites you.
* * * LOW HITPOINT WARNING * * *
You miss the adder.
The leopard gecko bites you but does no damage.
You block the adder's attack.
The orc wizard points at you and mumbles some strange words.
The puff of flame hits you. You resist.
* * * LOW HITPOINT WARNING * * *
You block the leopard gecko's attack. The adder bites you but does no damage.
You feel better. You block the leopard gecko's attack.
The adder barely misses you.
An orc comes into view. It is wielding a +0 whip.
The orc priest invokes the aid of Beogh against you.
Beogh smites you!
You die...

P.P....# P§§§...
.>..P.... §§§## ...
.P.. §§§§# # ...♣P..
§§§## #. #.♣P.. §§§#
#..#.P..# ## §#.#
.......###..# ##...
#..##..l.)...# #
....# #......S@o...#
.............###...#
#.<.......... o...#
...........# o...
..##.. ... . #.. .#
#. # ##


You could see an orc priest, an orc wizard, an adder, an orc and a leopard
gecko.

Vanquished Creatures
  A water moccasin (D:2)
  A centaur (D:2)
  An orc wizard (D:4)
  Terence (D:3)
  2 worker ants
  3 gnolls (D:3)
  7 adders
  2 oozes
  4 worms (D:2)
  2 dart slugs
  A leopard gecko (D:3)
  9 orcs
  5 giant cockroaches
  8 goblins
  9 hobgoblins
  4 jackals
  11 kobolds
  A quokka (D:3)
  2 ball pythons (D:3)
  6 bats
  3 frilled lizards
  A leopard gecko skeleton (D:4)
  4 rats
88 creatures vanquished.

Notes
Turn   | Place    | Note
-------+----------+-------------------------------------------
     0 | D:1      | Borgoz the Gargoyle Fighter began the quest for the Orb.
     0 | D:1      | Reached XP level 1. HP: 14/14 MP: 1/1
    48 | D:1      | Reached XP level 2. HP: 19/19 MP: 2/2
   228 | D:1      | Reached XP level 3. HP: 23/23 MP: 3/3
   786 | D:2      | Found a faded altar of an unknown god.
   918 | D:2      | Reached XP level 4. HP: 20/28 MP: 4/4
  1027 | D:2      | Noticed a centaur
  1041 | D:2      | Killed a centaur
  1042 | D:2      | Reached skill level 1 in Dodging
  1042 | D:2      | Reached XP level 5. HP: 18/33 MP: 5/5
  1473 | D:2      | Noticed a water moccasin
  1501 | D:2      | Killed a water moccasin
  1502 | D:2      | Reached XP level 6. HP: 6/38 MP: 6/6
  3098 | D:3      | Noticed Terence
  3118 | D:3      | Killed Terence
  3402 | D:4      | Reached XP level 7. HP: 44/44 MP: 7/7
  3471 | D:4      | Killed from afar by an orc priest

Illustrated notes

Levels and vault maps discovered:
D:1:      minmay_arrival_shattered_statue, layout_basic
D:2:      layout_basic, chequers_ecumenical_altar_simple
D:3:      layout_basic, uniq_terence
D:4:      layout_cave_pools, minmay_temple_entry_mist, serial_shops, shop,
          serial_forest, infiniplex_forest_clump_tiny,
          infiniplex_forest_straight_5, infiniplex_forest_end_2,
          infiniplex_forest_clump_diagonal, infiniplex_forest_straight_3,
          infiniplex_forest_clump_long

Skill      XL: |  1  2  3  4  5  6  7 |
---------------+----------------------+-----
Fighting       | 4 |  4.6
Maces & Flails | 3 4 |  4.6
Armour         | 4 |  4.6
Dodging        | 1 2 |  2.0
Shields        | 4 |  4.6

Action                   |  1- 3 |  4- 6 |  7- 9 || total
-------------------------+-------+-------+-------++-------
Melee: Flail             |   147 |   205 |    36 ||   388
  Use: Scroll            |       |     5 |     3 ||     8
       Potion            |       |     1 |     2 ||     3
Armor: Scale mail        |    75 |   124 |    42 ||   241
Dodge: Dodged            |    62 |    82 |    29 ||   173
Block: Kite shield       |    88 |   114 |    55 ||   257
